 Dungeon Crawl Stone Soup version 0.16-a0-3154-g62f4276 (webtiles) character file.

721 razloz the Practitioner (level 7, -8/46 HPs)
             Began as a Lacertilian Healer on Aug 22, 2015.
             Was an Initiate of Elyvilon.
             Mangled by Prince Ribbit (11 damage)
             ... on level 6 of the Dungeon.
             The game lasted 00:21:05 (5415 turns).

razloz the Practitioner (Lacertilian Healer)        Turns: 5415, Time: 00:21:05

Health: -8/46      AC: 12    Str: 11    XL:     7   Next: 42%
Magic:  12/12      EV:  3    Int: 15    God:    Elyvilon [......]
Gold:   176        SH:  7    Dex: 13    Spells: 1 memorised, 9 levels left

rFire  + + .     SeeInvis .     n - +6 dagger "Nugrett" {pierce, rF++ Stlth--}
rCold  . . .     Clarity  .     t - +0 chain mail
rNeg   . . .     SustAb   +     w - +0 shield
rPois  .         Gourm    .     (no helmet)
rElec  .         Spirit   .     (no cloak)
rCorr  .         Warding  .     s - -1 pair of gloves
rMut   .         Stasis   .     (no boots)
MR     .....                    (no amulet)
Stlth  ..........               k - ring of sustain abilities
                                x - ring of wizardry

@: very slightly contaminated, not resistant to hostile enchantments, extremely
unstealthy
A: strong connection with the divine, slimy green scales 2, camouflage 2
a: Lesser Healing, Renounce Religion


You were on level 6 of the Dungeon.
You worshipped Elyvilon.
Elyvilon was noncommittal.
You were not hungry.

You visited 1 branch of the dungeon, and saw 6 of its levels.

You collected 224 gold pieces.
You spent 48 gold pieces at shops.

Inventory:

Hand weapons
 n - the +6 dagger "Nugrett" (weapon) {pierce, rF++ Stlth--}
   (You found it on level 5 of the Dungeon)

   It inflicts extra damage upon your enemies.
   It greatly protects you from fire.
   It makes you much less stealthy.
 p - a +0 glaive
 E - a +0 flail
 F - a +0 rapier
Armour
 a - a +1 robe
 q - a +0 chain mail
 s - a -1 pair of gloves (worn)
 t - a +0 chain mail (worn)
 w - a +0 shield (worn)
 J - a +0 cloak
Jewellery
 k - a ring of sustain abilities (right hand)
 u - an uncursed ring of ice
 x - a ring of wizardry (left hand)
 A - an uncursed ring of flight
 K - a +5 ring of intelligence {unknown}
 N - an uncursed ring of ice
Magical devices
 B - a wand of random effects (39)
 M - a wand of slowing (33)
Scrolls
 e - 3 scrolls of remove curse
 f - a scroll of enchant weapon {unknown}
 g - a scroll of recharging
 h - a scroll of blinking {unknown}
 l - 3 scrolls of teleportation
 m - 2 scrolls of fear
 r - 2 scrolls of magic mapping {unknown}
 y - a scroll of amnesia {unknown}
 C - a scroll of random uselessness {unknown}
Potions
 i - a potion of cure mutation
 o - 3 potions of brilliance
 G - a potion of cancellation
Books
 L - a book of Battle

   Spells                             Type                      Level
   a - Infusion                       Charms                       1
   b - Shroud of Golubria             Charms/Translocation         2
   c - Song of Slaying                Charms                       2
   d - Spectral Weapon                Hexes/Charms                 3
   e - Regeneration                   Charms/Necromancy            3
Comestibles
 d - 3 bread rations
 v - a beef jerky
 z - a royal jelly
 D - 2 meat rations


   Skills:
 + Level 3.4 Fighting
 + Level 3.7 Armour
 - Level 2.0 Dodging
 + Level 1.9 Shields
 + Level 2.3 Spellcasting
 + Level 1.1 Charms
 - Level 5.8 Invocations


You had 9 spell levels left.
You knew the following spells:

 Your Spells              Type           Power        Failure   Level  Hunger
a - Infusion              Chrm           #.....       100%        1    #......


Dungeon Overview and Level Annotations

Branches:
Dungeon (6/15)             Temple (0/1) D:5

Altars:
Qazlal

Shops:
D:5 ?

Annotations:
D:6 Prince Ribbit


Innate Abilities, Weirdness & Mutations

You have a strong connection with the divine.
You may change religions without suffering divine wrath.
You are mostly covered in slimy green scales (AC +3).
Your skin blends seamlessly with your surroundings (Stealth).


Message History

Prince Ribbit is moderately wounded.
Prince Ribbit hits you.
* * * LOW HITPOINT WARNING * * *
Prince Ribbit blinks!
Prince Ribbit blinks!
You hit Prince Ribbit.
Your tail-slap misses Prince Ribbit.
Prince Ribbit is moderately wounded.
You block Prince Ribbit's attack.
You hit Prince Ribbit.
Your tail-slap misses Prince Ribbit.
Prince Ribbit is heavily wounded.
Prince Ribbit hits you.
* * * LOW HITPOINT WARNING * * *
You hit Prince Ribbit.
Prince Ribbit is heavily wounded.
Prince Ribbit hits you but does no damage. x2
You hit Prince Ribbit.
Prince Ribbit is severely wounded.
Prince Ribbit hits you but does no damage.
Prince Ribbit hits you!
You die...

.#.###########.##
#.# #.# #.# #.#
#.# #.#
############.#
#.....F@.[)..#
#.############ #


You could see Prince Ribbit.

Vanquished Creatures
  An ogre (D:6)
  A centaur (D:6)
  A water moccasin skeleton (D:5)
  A giant frog zombie (D:5)
  2 hounds
  A giant frog skeleton (D:5)
  2 orc priests
  A jelly (D:5)
  3 worker ants
  A hound zombie (D:5)
  2 shadow imps (D:5)
  7 adders
  3 worms
  5 giant geckos
  An ooze (D:1)
  15 orcs
  2 ball pythons
  10 bats
  14 goblins
  13 hobgoblins
  2 jackals (D:3)
  8 kobolds
  5 quokkas
  A ball python skeleton (D:5)
  8 giant cockroaches
  A giant gecko skeleton (D:5)
  4 giant newts
  A hobgoblin zombie (D:5)
  A jackal skeleton (D:4)
  13 rats
130 creatures vanquished.

Notes
Turn   | Place    | Note
--------------------------------------------------------------
     0 | D:1      | razloz, the Lacertilian Healer, began the quest for the Orb.
     0 | D:1      | Reached XP level 1. HP: 12/12 MP: 2/2
    17 | D:1      | Reached skill level 1 in Fighting
   141 | D:1      | Reached XP level 2. HP: 15/18 MP: 2/4
   279 | D:1      | Reached skill level 1 in Armour
   299 | D:1      | Reached skill level 4 in Invocations
   617 | D:2      | Reached XP level 3. HP: 23/23 MP: 5/5
  1771 | D:3      | Reached XP level 4. HP: 26/29 MP: 1/6
  2120 | D:3      | Reached skill level 1 in Spellcasting
  2565 | D:4      | Reached XP level 5. HP: 19/34 MP: 8/8
  3125 | D:4      | Found a stormy altar of Qazlal.
  3168 | D:4      | Reached skill level 5 in Invocations
  3850 | D:5      | Entered Level 5 of the Dungeon
  3873 | D:5      | Reached XP level 6. HP: 29/41 MP: 8/10
  4101 | D:5      | Found Fochao's Magic Scroll Boutique.
  4113 | D:5      | Bought a scroll of identify for 24 gold pieces
  4113 | D:5      | Bought a scroll of identify for 24 gold pieces
  4471 | D:5      | Got an ebony dagger
  4492 | D:5      | Identified the +6 dagger "Nugrett" {pierce, rF++ Stlth--} (You found it on level 5 of the Dungeon)
  4498 | D:5      | Reached skill level 1 in Shields
  4680 | D:5      | Gained mutation: Your skin blends seamlessly with your surroundings (Stealth). [lacertilian growth]
  4680 | D:5      | Reached XP level 7. HP: 41/46 MP: 12/12
  4770 | D:5      | Found a staircase to the Ecumenical Temple.
  5082 | D:6      | Learned a level 1 spell: Infusion
  5145 | D:6      | Noticed Prince Ribbit
  5335 | D:6      | Reached skill level 1 in Charms
  5413 | D:6      | HP: 2/46 [Prince Ribbit (4)]
  5415 | D:6      | Mangled by Prince Ribbit

Action                   |  1- 3 |  4- 6 |  7- 9 || total
-------------------------+-------+-------+-------++-------
Melee: Unarmed           |   312 |       |       ||   312
       Glaive            |    51 |   280 |       ||   331
       Flail             |       |    65 |       ||    65
       Dagger            |       |    30 |    98 ||   128
Invok: Lesser Self-Heali |    15 |    13 |    13 ||    41
Evoke: Wand              |       |     1 |       ||     1
  Use: Potion            |     3 |       |     9 ||    12
       Scroll            |       |    11 |       ||    11
 Stab: Sleeping          |     9 |       |       ||     9
  Eat: Bread ration      |     1 |     5 |       ||     6
       Beef jerky        |     1 |       |       ||     1
